 Dungeon Crawl Stone Soup version 0.30-a0-779-g7971cf19c3 (webtiles) character file.

Game seed: 6715406440390769102

438 Smoke131 the Sneak (level 6, 0/20 HPs)
             Began as a Vampire Enchanter on Feb 18, 2023.
             Slain by a hobgoblin zombie (1 damage)
             ... in an ossuary.
             The game lasted 00:21:59 (4000 turns).

Smoke131 the Sneak (Vampire Enchanter)              Turns: 4000, Time: 00:22:00

Health: 0/20       AC:  6    Str:  6 (7)  XL:     6   Next: 69%
Magic:  9/11       EV: 18    Int: 17 (18) God:
Gold:   173        SH:  0    Dex: 15 (16) Spells: 7/12 levels left

rFire   . . .      SeeInvis +    o - +1 dagger (freeze)
rCold   + + .      Faith    .    (no shield)
rNeg    + + +      Spirit   .    b - +1 robe
rPois   ∞          Reflect  .    (no helmet)
rElec   .          Harm     .    (no cloak)
rCorr   .          Rampage  .    m - +2 pair of gloves {hurl}
Will    .....                    (no boots)
Stlth   +++++                    (no amulet)
HPRegen 0.00/turn                i - +5 ring of evasion
MPRegen 0.12/turn                (no ring)

@: bloodless, inhibited regen
A: bloodless, fangs 3, see invisible, vampiric 2, [frail 3]
a: Bat Form, Revivify


You were in an ossuary.
You visited 1 branch of the dungeon, and saw 5 of its levels.
You also visited: Ossuary.

You collected 173 gold pieces.

Inventory:

Hand Weapons
 o - a +1 dagger of freezing (weapon)
Missiles
 j - 7 poisoned darts (quivered)
 l - 2 boomerangs
Armour
 b - a +1 robe (worn)
 m - a +2 pair of gloves of hurling (worn)
Jewellery
 i - a +5 ring of evasion (left hand)
Wands
 n - a wand of polymorph (12)
Scrolls
 f - 4 scrolls of identify
 k - 4 scrolls of teleportation
Potions
 c - 2 potions of invisibility
 d - a potion of haste
 e - 3 potions of heal wounds
 p - a potion of curing


   Skills:
 - Level 2.0 Short Blades
 + Level 4.2 Dodging
 + Level 6.9 Stealth
 + Level 3.6 Spellcasting
 + Level 6.6 Hexes


You had 7 spell levels left.
You knew the following spells:

 Your Spells              Type           Power      Damage    Failure   Level
a - Ensorcelled Hibernat  Hex/Ice        28%        N/A       6%          2
b - Confusing Touch       Hex            25%        N/A       3%          3

Your spell library contained the following spells:

 Spells                   Type           Power      Damage    Failure   Level
 Tukima's Dance           Hex            25%        N/A       3%          3
 Dazzling Flash           Conj/Hex       28%        N/A       13%         3


Dungeon Overview and Level Annotations

Branches:
Dungeon (5/15)            Ossuary (1/1)
 Temple: D:4-7

Altars:
Uskayaw
Vehumet


Innate Abilities, Weirdness & Mutations

You do not regenerate when monsters are visible.
You are frail without blood (-20% HP).
You can heal yourself when you bite living creatures.
You are immune to poison.
You have razor-sharp teeth.
You have supernaturally acute eyesight. (SInv)
You are afflicted with vampirism and can become a bat while bloodless.
[You are extremely frail. (-30% HP)]


Message History

The human zombie hits you. The elf zombie completely misses you.
There are monsters nearby!
You catch the helpless elf zombie completely off-guard!
You puncture the elf zombie! You freeze the elf zombie.
The elf zombie is almost destroyed.
The gnoll zombie hits you but does no damage.
The kobold zombie closely misses you. The human zombie barely misses you.
The elf zombie misses you.
You hit the elf zombie.
The elf zombie is almost destroyed.
You hit the elf zombie.
The elf zombie is almost destroyed.
The human zombie completely misses you. The elf zombie misses you.
The gnoll zombie barely misses you. The kobold zombie misses you.
The elf zombie completely misses you.
You hit the elf zombie. You punch the elf zombie.
The elf zombie is almost destroyed.
The human zombie misses you. The gnoll zombie hits you.
The kobold zombie closely misses you. The elf zombie hits you.
The elf zombie barely misses you.
You hit the elf zombie but do no damage.
The elf zombie is almost destroyed.
The human zombie closely misses you. The gnoll zombie misses you.
The elf zombie misses you. The kobold zombie hits you.
You barely miss the elf zombie.
The elf zombie is almost destroyed.
The elf zombie hits you but does no damage.
You hit the elf zombie.
The elf zombie is almost destroyed.
The gnoll zombie misses you.
The kobold zombie hits you but does no damage.
The human zombie hits you.
The elf zombie barely misses the hobgoblin zombie.
The elf zombie hits you.
* * * LOW HITPOINT WARNING * * *
The kobold zombie barely misses you. The hobgoblin zombie misses you.
The elf zombie seems less confused.
The hobgoblin zombie hits you.
You die...

..................#
......∩∩..........#
..Z...............#
...................
...................
...........Z...##.
.........Z.....##.
.......ZZ.Z........
.......@Z.ZM.......
.....#####.........
..... .......... .
...........
###########


You could see a mummy, an adder zombie (dormant), a hobgoblin zombie, a gnoll
zombie, a kobold zombie, 2 elf zombies and 2 human zombies.

Vanquished Creatures
  An ogre (D:4)
  A scorpion (D:4)
  A gnoll bouda (D:4)
  2 orc wizards
  8 gnolls
  An adder (D:4)
  A shadow imp (D:3)
  A white imp (D:4)
  3 worms
  8 dart slugs
  10 orcs
  5 endoplasms
  3 giant cockroaches
  2 goblins
  6 hobgoblins
  4 jackals (D:1)
  4 quokkas
  7 ball pythons
  4 bats
  6 frilled lizards
  8 kobolds
  A rat (D:1)
87 creatures vanquished.

Notes
Turn   | Place    | Note
-------+----------+-------------------------------------------
     0 | D:1      | Smoke131 the Vampire Enchanter began the quest for the Orb.
     0 | D:1      | Reached XP level 1. HP: 13/13 MP: 3/3
   153 | D:1      | Reached XP level 2. HP: 19/19 MP: 5/5
   451 | D:1      | Gained mutation: You are afflicted with vampirism and can
                  | become a bat while bloodless. [Vampire growth]
   451 | D:1      | Reached XP level 3. HP: 10/21 MP: 6/6
   777 | D:1      | Reached skill level 5 in Stealth
   993 | D:2      | Learned a level 2 spell: Ensorcelled Hibernation
   997 | D:2      | Learned a level 3 spell: Confusing Touch
  1694 | D:3      | Reached skill level 5 in Hexes
  1975 | D:3      | Reached XP level 4. HP: 18/18 MP: 3/7
  2032 | D:3      | Found a faded altar of an unknown god.
  3025 | D:4      | Noticed a scorpion
  3028 | D:4      | Killed a scorpion
  3029 | D:4      | Reached XP level 5. HP: 24/24 MP: 9/9
  3304 | D:4      | Reached XP level 6. HP: 15/28 MP: 3/10
  3661 | D:4      | Found a radiant altar of Vehumet.
  3661 | D:4      | Found a hide-covered altar of Uskayaw.
  3807 | D:5      | Entered Level 5 of the Dungeon
  3963 | D:5      | Found a sand-covered staircase.
  3977 | Ossuary  | Entered an ossuary
  3995 | Ossuary  | HP: 1/20 [elf zombie (6)]
  4000 | Ossuary  | Slain by a hobgoblin zombie

Illustrated notes

Levels and vault maps discovered:
D:1:      psy_arrival_fountain, layout_basic
D:2:      layout_loops_ring, hangedman_abyss_or_decor_stabs, minmay_pentomino_v2
D:3:      layout_loops_cross, chequers_ecumenical_altar_simple_redux
D:4:      layout_basic, gammafunk_temple_overflow_claw
D:5:      minmay_chambers_of_threes, layout_loops_ring,
          nicolae_ossuary_entry_plus, uniq_sigmund
Ossuary:  ossuary_minmay_tomb_2a

Skill      XL: |  1  2  3  4  5  6 |
---------------+-------------------+-----
Stealth        | 5 6 |  6.9
Short Blades   | 2 |  2.0
Hexes          | 5 6 |  6.6
Dodging        | 3 4 |  4.2
Spellcasting   | 3 |  3.6

Action                     |  1- 3 |  4- 6 || total
---------------------------+-------+-------++-------
  Melee: Dagger            |   130 |   109 ||   239
         Bite              |    11 |     7 ||    18
         Punch             |     2 |     2 ||     4
   Cast: Ensorcelled Hiber |     3 |    30 ||    33
         Confusing Touch   |       |     1 ||     1
Ability: Exsanguinate      |     3 |     1 ||     4
         Revivify          |     2 |     1 ||     3
         Bat Form          |     1 |     1 ||     2
    Use: Scroll            |       |     8 ||     8
   Stab: Sleeping          |    21 |    22 ||    43
         Distracted        |     1 |     1 ||     2
         Confused          |       |     1 ||     1
 Armour: Robe              |    17 |    29 ||    46
  Dodge: Dodged            |    64 |   116 ||   180

Table legend: (Time is in decaauts)
 A = Elapsed time spent in this place.
 B = Non-inter-level travel time spent in this place.
 C = Inter-level travel time spent in this place.
 D = Time resting spent in this place.
 E = Time spent auto-exploring this place.
 F = Levels seen in this place.
 G = Mean time per level.
                   A        B        C        D        E       F      G
               +--------+--------+--------+--------+--------+-----+--------+
         Total |   3958 |   3754 |    204 |    233 |   2188 |   6 |  659.7 |
       Dungeon |   3937 |   3733 |    204 |    233 |   2188 |   5 |  787.4 |
       Ossuary |     21 |     21 |      0 |      0 |      0 |   1 |   21.0 |
               +--------+--------+--------+--------+--------+-----+--------+

Top non-repeatable levels by time:
     D:3: 1379 daAuts
     D:1: 892 daAuts
     D:2: 847 daAuts
     D:4: 721 daAuts
     D:5: 95 daAuts
 Ossuary: 21 daAuts
